 Dungeon Crawl Stone Soup version 0.23.0 (webtiles) character file.

Game seed: 6184382788028967286

5261 kaze the Cleaver (level 10, -3/91 HPs)
             Began as a Hill Orc Berserker on Feb 11, 2019.
             Was an Elder of Trog.
             Killed from afar by a gargoyle (19 damage)
             ... with a stone arrow
             ... on level 7 of the Dungeon.
             The game lasted 00:18:41 (8201 turns).

kaze the Cleaver (Hill Orc Berserker)               Turns: 8201, Time: 00:18:42

Health: -3/91      AC: 21    Str: 24    XL:     10   Next: 62%
Magic:  10/10      EV:  9    Int:  7    God:    Trog [****..]
Gold:   454        SH:  0    Dex: 10    Spells: 9/9 levels left

rFire    x . .     SeeInvis .   a - +0 hand axe
rCold    + . .     Gourm    .   (no shield)
rNeg     . . .     Faith    .   B - +3 plate armour
rPois    .         Spirit   .   (no helmet)
rElec    .         Reflect  .   (no cloak)
rCorr    .         Harm     .   w - +0 pair of gloves
MR       ++...                  h - +1 pair of boots
Stlth    ..........             (no amulet)
HPRegen  1.25/turn              i - +1 ring of evasion
MPRegen  0.12/turn              f - ring of ice

@: berserk cooldown, regenerating, slowed, very slow
A: no striking features
a: Berserk, Trog's Hand, Brothers in Arms, Renounce Religion


You were on level 7 of the Dungeon.
You worshipped Trog.
Trog was greatly pleased with you.
You were very hungry.

You visited 1 branch of the dungeon, and saw 7 of its levels.
You also visited: Sewer.

You collected 454 gold pieces.

Inventory:

Hand Weapons
 a - a +0 hand axe (weapon)
Armour
 h - a +1 pair of boots (worn)
 w - a +0 pair of gloves (worn)
 B - a +3 plate armour (worn)
Jewellery
 f - a ring of ice (right hand)
 i - a +1 ring of evasion (left hand)
Wands
 j - a wand of random effects (13)
 p - a wand of paralysis (9)
 s - a wand of flame (13)
 x - a wand of iceblast (10)
 y - a wand of scattershot (3)
 G - a wand of enslavement (9)
Scrolls
 b - 5 scrolls of teleportation
 k - 2 scrolls of immolation
 m - 6 scrolls of remove curse
 n - a scroll of enchant armour
 q - 2 scrolls of fog
 r - 2 scrolls of blinking
 t - a scroll of magic mapping
 C - a scroll of torment {unknown}
 F - a scroll of identify
Potions
 d - a potion of agility
 e - a potion of berserk rage {unknown}
 g - 3 potions of heal wounds {unknown}
 l - 3 potions of flight {unknown}
 o - 2 potions of curing {unknown}
 u - 2 potions of haste {unknown}
 v - a potion of invisibility {unknown}
 z - a potion of brilliance {unknown}
 A - a potion of cancellation {unknown}
 D - a potion of mutation {unknown}
 E - 2 potions of might {unknown}
Comestibles
 c - 4 rations


   Skills:
 + Level 9.1 Fighting
 + Level 13.2 Axes
 + Level 9.5 Armour
 + Level 3.7 Dodging
 + Level 0.2 Stealth


You had 9 spell levels left.
You didn't know any spells.
Your spell library was empty.

Dungeon Overview and Level Annotations

Branches:
Dungeon (7/15)             Temple (0/1) D:5

Altars:
Okawaru
Uskayaw
Vehumet
Xom
Zin


Message History

Okay, then.
You're still recovering from your berserk rage.
Your skin crawls.
You feel resistant to hostile enchantments.
You feel somewhat more hungry.
The gargoyle hits you but does no damage.
You hit the gargoyle but do no damage.
The gargoyle is heavily damaged.
The gargoyle barely misses you.
You hit the gargoyle but do no damage.
The gargoyle is heavily damaged.
The gargoyle barely misses you.
You hit the gargoyle but do no damage.
The gargoyle is heavily damaged.
The gargoyle hits you with a +0 flail!
* * * LOW HITPOINT WARNING * * *
The gargoyle hits you but does no damage.
The gargoyle hurls a stone arrow at you.
The stone arrow hits you!!
You die...

#.# #.####...####..# #..##.....
#.# #......).[..#).####..##..##.
#.# #..####.....).....#..##..##.
#.####..####...#######....##..###
#............###?###8###.........
######..###..# ##'.'##(#..##.####
#..# #.###+.....)###........ #..#
#.#8#.9.....#)#.##.#.##
#..###.....@.....'##.##...#
#..##........8....##.###.##
#(.##............'##.# #.#
#.[....#8#.......#8#.# #.#
##.....###'.....'###.# #.#
#####..#)##'.)##8#..# #.#
##.###)###.###.## #.#
#...#######...# #.#
#.#.........### #.#


You could see a gargoyle.

Vanquished Creatures
  Pikel (D:4)
  Joseph (D:7)
  5 gargoyles (D:7)
  A hippogriff (D:4)
  Eustachio (D:5)
  3 orc warriors
  A sky beast (D:7)
  A slave (D:4)
  3 phantoms
  3 ice beasts
  An ogre (D:7)
  A centaur (D:5)
  A big kobold (Sewer)
  4 bullfrogs
  3 scorpions (D:4)
  3 killer bees (D:7)
  2 howler monkeys
  3 crimson imps
  An orc priest (D:7)
  A bullfrog skeleton (D:6)
  3 hounds
  8 orc wizards
  3 iguanas
  4 worker ants
  A killer bee zombie (D:6)
  A hound zombie (D:5)
  4 gnolls (D:2)
  A howler monkey skeleton (D:7)
  8 adders
  3 river rats (Sewer)
  A shadow imp (D:7)
  3 oozes
  An adder zombie (D:7)
  2 worms (D:2)
  2 dart slugs
  6 leopard geckos
  28 orcs
  11 giant cockroaches
  5 goblins
  6 hobgoblins
  10 jackals
  16 kobolds
  2 quokkas
  2 ball pythons
  8 bats
  9 frilled lizards
  2 jackal skeletons
  16 rats
206 creatures vanquished.

Notes
Turn   | Place    | Note
-------+----------+-------------------------------------------
     0 | D:1      | kaze the Hill Orc Berserker began the quest for the Orb.
     0 | D:1      | Reached XP level 1. HP: 19/19 MP: 1/1
   110 | D:1      | Reached XP level 2. HP: 14/27 MP: 2/2
   695 | D:1      | Reached XP level 3. HP: 26/33 MP: 3/3
   729 | D:1      | Reached ** piety under Trog
   994 | D:1      | Reached skill level 5 in Axes
  1157 | D:2      | Reached XP level 4. HP: 35/40 MP: 4/4
  1312 | D:2      | Found an iron altar of Okawaru.
  1426 | D:2      | HP: 2/60 [gnoll/+0 halberd (8)]
  1465 | D:2      | Reached skill level 6 in Axes
  1899 | D:2      | Reached XP level 5. HP: 46/46 MP: 5/5
  2434 | D:3      | Reached *** piety under Trog
  2481 | D:3      | Reached skill level 7 in Axes
  3017 | D:3      | Reached XP level 6. HP: 53/53 MP: 6/6
  3153 | D:4      | Noticed a phantom
  3208 | D:4      | Killed a phantom
  3412 | D:4      | Found a glowing drain.
  3433 | Sewer    | Entered a sewer
  3562 | Sewer    | Reached XP level 7. HP: 48/60 MP: 7/7
  3579 | Sewer    | Found a glowing silver altar of Zin.
  3696 | D:4      | Noticed Pikel
  3731 | D:4      | Killed Pikel
  3731 | D:4      | Reached skill level 5 in Fighting
  3731 | D:4      | Reached skill level 8 in Axes
  3731 | D:4      | Reached skill level 5 in Armour
  3731 | D:4      | Reached XP level 8. HP: 65/69 MP: 8/8
  3856 | D:4      | Reached skill level 9 in Axes
  4340 | D:4      | Noticed a hippogriff
  4353 | D:4      | Killed a hippogriff
  4620 | D:5      | Entered Level 5 of the Dungeon
  4740 | D:5      | Noticed Eustachio
  4746 | D:5      | Killed Eustachio
  4746 | D:5      | Reached skill level 10 in Axes
  4746 | D:5      | Reached XP level 9. HP: 78/78 MP: 9/9
  4835 | D:5      | Found a staircase to the Ecumenical Temple.
  5215 | D:5      | Found a snail-covered altar of Cheibriados.
  5217 | D:5      | Found an opulent altar of Gozag.
  5217 | D:5      | Found a radiant altar of Vehumet.
  5219 | D:5      | Found a shimmering altar of Xom.
  5219 | D:5      | Found a sparkling altar of Nemelex Xobeh.
  5219 | D:5      | Found a glowing silver altar of Zin.
  5471 | D:6      | Reached **** piety under Trog
  5941 | D:6      | Reached skill level 11 in Axes
  6973 | D:7      | Noticed Joseph
  6992 | D:7      | Killed Joseph
  6992 | D:7      | Reached skill level 12 in Axes
  6992 | D:7      | Reached XP level 10. HP: 88/88 MP: 10/10
  7214 | D:7      | Reached ***** piety under Trog
  7219 | D:7      | Found a hide-covered altar of Uskayaw.
  7351 | D:7      | Noticed a gargoyle
  7360 | D:7      | Killed a gargoyle
  7366 | D:7      | Noticed a gargoyle
  7396 | D:7      | Killed a gargoyle
  7774 | D:7      | Noticed a gargoyle
  7803 | D:7      | Killed a gargoyle
  7803 | D:7      | Reached skill level 13 in Axes
  8125 | D:7      | Noticed a gargoyle
  8139 | D:7      | Killed a gargoyle
  8168 | D:7      | Noticed a gargoyle
  8176 | D:7      | Killed a gargoyle
  8180 | D:7      | Noticed a gargoyle
  8201 | D:7      | Killed from afar by a gargoyle

Skill      XL: |  1  2  3  4  5  6  7  8  9 10 |
---------------+-------------------------------+-----
Fighting       | 4 5 6 8 9 |  9.1
Dodging        | 2 3 |  3.7
Axes           | 5 6 7 8 10 12 13 | 13.2
Armour         | 3 4 5 7 8 9 |  9.5
Stealth        | |  0.2

Action                   |  1- 3 |  4- 6 |  7- 9 | 10-12 || total
-------------------------+-------+-------+-------+-------++-------
Melee: Hand axe          |   154 |   301 |   559 |   179 ||  1193
Invok: Berserk           |       |     1 |     5 |     5 ||    11
       Trog's Hand       |       |     1 |     5 |     3 ||     9
  Use: Scroll            |     8 |     3 |     6 |       ||    17
  Eat: Ration            |     1 |     2 |     3 |     2 ||     8
       Chunk             |       |     2 |     5 |     3 ||    10
Armor: Leather armour    |    34 |     5 |       |       ||    39
       Animal skin       |     2 |       |       |       ||     2
       Chain mail        |       |   135 |   100 |       ||   235
       Plate armour      |       |       |   188 |    50 ||   238
Dodge: Dodged            |   105 |   123 |   167 |    51 ||   446
